[Event "71st MNE-ch 2019"]
[Site "Podgorica"]
[Date "2019.05.18"]
[Round "1.2"]
[White "Milovic, Aleksandra"]
[Black "Blagojevic, Dragisa"]
[Result "0-1"]
[ECO "A00"]
[WhiteElo "2185"]
[BlackElo "2499"]
[Annotator "RC"]
[PlyCount "58"]
[EventDate "2019.05.18"]
[EventType "swiss"]
[EventRounds "9"]
[EventCountry "MNE"]
[SourceTitle "playchess.com"]
[Source "ChessBase"]
[SourceQuality "1"]
[TimeControl "40/5400+30:1800+30"]

1. b3 d5 2. Bb2 Bg4 3. h3 Bh5 4. g4 Bg6 5. Nf3 e6 6. Ne5 Be4 7. Rg1 f6 8. d3 fxe5 9. dxe4 d4 10. e3 Bc5 11. exd4 exd4 12. Nd2 Nc6 13. Bb5 Nge7 14. Qe2 O-O 15. O-O-O Ne5 16. Bd3 N7g6 17. Rg3 Nf4 18. Qf1 Qf6 19. Bc4 a6 20. g5 Qe7 21. g6 Nfxg6 22. b4 Bxb4 23. Bxd4 b5 24. Bb3 c5 25. Bxe5 Nxe5 26. c4 Qf6 27. Nb1 Rab8 28. Rd6 Qf4+ 29. Kc2 Qxg3 0-1

[Event "71st MNE-ch 2019"]
[Site "Podgorica"]
[Date "2019.05.18"]
[Round "1.7"]
[White "Pecurica, Milos"]
[Black "Pobor, Milo"]
[Result "1/2-1/2"]
[ECO "A00"]
[WhiteElo "2365"]
[BlackElo "1960"]
[Annotator "ChessBase"]
[PlyCount "32"]
[EventDate "2019.05.18"]
[EventType "swiss"]
[EventRounds "9"]
[EventCountry "MNE"]
[SourceTitle "playchess.com"]
[Source "ChessBase"]
[SourceQuality "1"]
[TimeControl "40/5400+30:1800+30"]

1. d4 c5 2. d5 Nf6 3. c4 g6 4. Nc3 Bg7 5. e4 d6 6. h3 O-O 7. Nf3 e6 8. Bd3 exd5 9. exd5 Re8+ 10. Be3 a6 11. O-O Nbd7 12. Qd2 Nh5 13. g4 Ne5 14. Nxe5 Bxe5 15. gxh5 Qh4 16. Rfe1 Bh2+ 1/2-1/2

[Event "71st MNE-ch 2019"]
[Site "Podgorica"]
[Date "2019.05.18"]
[Round "1.11"]
[White "Musovic, Armin"]
[Black "Djurovic, Peko"]
[Result "1/2-1/2"]
[ECO "A00"]
[WhiteElo "2297"]
[BlackElo "1898"]
[Annotator "RC"]
[PlyCount "99"]
[EventDate "2019.05.18"]
[EventType "swiss"]
[EventRounds "9"]
[EventCountry "MNE"]
[SourceTitle "playchess.com"]
[Source "ChessBase"]
[SourceQuality "1"]
[TimeControl "40/5400+30:1800+30"]

1. d4 c5 2. c3 e6 3. e4 Nf6 4. e5 Nd5 5. Nf3 cxd4 6. cxd4 d6 7. Nc3 dxe5 8. dxe5 Nxc3 9. Qxd8+ Kxd8 10. bxc3 Nc6 11. Ng5 Ke8 12. f4 f6 13. exf6 gxf6 14. Ne4 f5 15. Nf6+ Kf7 16. Nh5 Bc5 17. Be2 Rg8 18. Bf3 e5 19. Bd5+ Be6 20. Bxe6+ Kxe6 21. fxe5 Nxe5 22. Nf4+ Kf6 23. Kd1 Rad8+ 24. Kc2 b5 25. Re1 Rge8 26. Be3 Bxe3 27. Rxe3 Nc4 28. Rxe8 Rxe8 29. a4 a6 30. axb5 axb5 31. Ra7 Rd8 32. Rxh7 Rd2+ 33. Kc1 Rf2 34. Rh6+ Kg7 35. Rh4 Ne3 36. Rh3 Rf1+ 37. Kb2 Nc4+ 38. Kb3 Rxf4 39. Kb4 Ne3+ 40. Kxb5 Nxg2 41. c4 Rh4 42. Rg3+ Rg4 43. c5 Rxg3 44. hxg3 Ne3 45. c6 Nd5 46. Kc5 Ne7 47. Kd6 Kf6 48. c7 Nc8+ 49. Kd7 Na7 50. c8=Q 1/2-1/2

[Event "71st MNE-ch 2019"]
[Site "Podgorica"]
[Date "2019.05.18"]
[Round "1.16"]
[White "Popovic, Mateja"]
[Black "Vujacic, Igor"]
[Result "0-1"]
[ECO "A00"]
[WhiteElo "1436"]
[BlackElo "2205"]
[Annotator "ChessBase"]
[PlyCount "50"]
[EventDate "2019.05.18"]
[EventType "swiss"]
[EventRounds "9"]
[EventCountry "MNE"]
[SourceTitle "playchess.com"]
[Source "ChessBase"]
[SourceQuality "1"]
[TimeControl "40/5400+30:1800+30"]

1. d4 Nf6 2. Nf3 g6 3. Bg5 Bg7 4. Nbd2 O-O 5. e3 c5 6. c3 b6 7. Be2 Bb7 8. O-O d5 9. dxc5 bxc5 10. c4 e6 11. Rc1 Qb6 12. Qb3 Nbd7 13. Bxf6 Bxf6 14. Rc2 d4 15. Qxb6 axb6 16. exd4 Rxa2 17. dxc5 bxc5 18. Rfc1 Rxb2 19. Rxb2 Bxb2 20. Rb1 Bxf3 21. Nxf3 Bd4 22. Nxd4 cxd4 23. Rd1 e5 24. f4 f6 25. Kf2 Nc5 0-1

[Event "71st MNE-ch 2019"]
[Site "Podgorica"]
[Date "2019.05.19"]
[Round "2.6"]
[White "Vujacic, Igor"]
[Black "Lekic, Dusan"]
[Result "1-0"]
[ECO "A00"]
[WhiteElo "2205"]
[BlackElo "2352"]
[Annotator "RC"]
[PlyCount "83"]
[EventDate "2019.05.18"]
[EventType "swiss"]
[EventRounds "9"]
[EventCountry "MNE"]
[SourceTitle "playchess.com"]
[Source "ChessBase"]
[SourceQuality "1"]
[TimeControl "40/5400+30:1800+30"]

1. e4 c5 2. Nf3 d6 3. c3 Nf6 4. h3 Nc6 5. Bd3 d5 6. exd5 Qxd5 7. Qe2 e6 8. O-O Be7 9. Rd1 O-O 10. Bc4 Qh5 11. d4 cxd4 12. Nxd4 Qxe2 13. Bxe2 Bd7 14. Bf3 Rad8 15. Be3 e5 16. Nxc6 Bxc6 17. Nd2 e4 18. Be2 Nd5 19. Bxa7 f5 20. Bd4 Nf4 21. Bf1 Kh8 22. Nc4 Ne6 23. Bb6 Ra8 24. Ne5 Ba4 25. b3 Bf6 26. Bd4 Nxd4 27. cxd4 Be8 28. f4 exf3 29. gxf3 Rd8 30. Be2 Bg5 31. Kf1 Rd6 32. a4 Bh5 33. b4 Bf4 34. a5 Re8 35. b5 Be3 36. Nc4 Rg6 37. Nxe3 Rxe3 38. a6 bxa6 39. bxa6 Bxf3 40. Kf2 Rxe2+ 41. Kxf3 Rgg2 42. Rf1 1-0

[Event "71st MNE-ch 2019"]
[Site "Podgorica"]
[Date "2019.05.19"]
[Round "2.14"]
[White "Rakic, Tijana"]
[Black "Abramovic, Dragoljub"]
[Result "1/2-1/2"]
[ECO "A00"]
[WhiteElo "1579"]
[BlackElo "2063"]
[Annotator "NA RC"]
[PlyCount "69"]
[EventDate "2019.05.18"]
[EventType "swiss"]
[EventRounds "9"]
[EventCountry "MNE"]
[SourceTitle "playchess.com"]
[Source "ChessBase"]
[SourceQuality "1"]
[TimeControl "40/5400+30:1800+30"]

1. e4 c6 2. d4 d5 3. Nc3 dxe4 4. Nxe4 Bf5 5. Ng3 Bg6 6. h4 h6 7. Nf3 Nd7 8. h5 Bh7 9. Bd3 Bxd3 10. Qxd3 e6 11. O-O Ngf6 12. Re1 Bb4 13. c3 Be7 14. c4 O-O 15. Bf4 Re8 16. Rad1 Qa5 17. Ne5 Nxe5 18. dxe5 Rad8 19. Qb3 Ng4 20. Qf3 Rxd1 21. Rxd1 Nxe5 22. Qe2 Bf6 23. b4 Qa4 24. Rd6 Be7 25. Rd4 c5 26. bxc5 Nc6 27. Rd7 e5 28. Be3 Na5 29. Qg4 Qxc4 30. Qxc4 Nxc4 31. Nf5 Bf8 32. Nd6 Bxd6 33. cxd6 a6 34. Rxb7 Nxd6 35. Rb6 1/2-1/2

[Event "71st MNE-ch 2019"]
[Site "Podgorica"]
[Date "2019.05.19"]
[Round "2.17"]
[White "Petrovic, Slavko"]
[Black "Popovic, Mateja"]
[Result "1-0"]
[ECO "A00"]
[WhiteElo "1945"]
[BlackElo "1436"]
[Annotator "NA RC"]
[PlyCount "69"]
[EventDate "2019.05.18"]
[EventType "swiss"]
[EventRounds "9"]
[EventCountry "MNE"]
[SourceTitle "playchess.com"]
[Source "ChessBase"]
[SourceQuality "1"]
[TimeControl "40/5400+30:1800+30"]

1. e4 e5 2. Nf3 Nf6 3. Nc3 Bb4 4. d3 Nc6 5. a3 Ba5 6. Bg5 h6 7. Bh4 Bxc3+ 8. bxc3 d5 9. exd5 Qxd5 10. Qe2 Be6 11. Bg3 Nd7 12. c4 Qa5+ 13. Qd2 Qxd2+ 14. Nxd2 Nd4 15. Rc1 f5 16. f4 Nc6 17. fxe5 g5 18. Be2 O-O-O 19. c3 f4 20. Bf2 Ncxe5 21. d4 Nf7 22. O-O h5 23. d5 Bf5 24. Bd4 Rh6 25. Rfe1 Nfe5 26. Bf1 Re8 27. c5 Kd8 28. Nc4 Nxc4 29. Rxe8+ Kxe8 30. Bxc4 Nf6 31. Re1+ Kf7 32. d6+ Kg6 33. Re7 cxd6 34. cxd6 Bd7 35. Bf7+ 1-0

[Event "71st MNE-ch 2019"]
[Site "Podgorica"]
[Date "2019.05.20"]
[Round "3.8"]
[White "Marsenic, Lazar"]
[Black "Musovic, Armin"]
[Result "1/2-1/2"]
[ECO "A00"]
[WhiteElo "2047"]
[BlackElo "2297"]
[Annotator "RC"]
[PlyCount "76"]
[EventDate "2019.05.18"]
[EventType "swiss"]
[EventRounds "9"]
[EventCountry "MNE"]
[SourceTitle "playchess.com"]
[Source "ChessBase"]
[SourceQuality "1"]
[TimeControl "40/5400+30:1800+30"]

1. e4 c6 2. d4 d5 3. Nd2 dxe4 4. Nxe4 Nf6 5. Nxf6+ exf6 6. c3 Bd6 7. Bd3 O-O 8. Ne2 Re8 9. O-O Qc7 10. Ng3 Nd7 11. Nf5 Nf8 12. Nxd6 Qxd6 13. Qf3 Be6 14. Bf4 Qd7 15. h3 Bf5 16. Rae1 Ng6 17. Bg3 Bxd3 18. Qxd3 f5 19. f3 f4 20. Bf2 Ne5 21. Qe2 Ng4 22. Qd2 Nxf2 23. Kxf2 g5 24. Rxe8+ Rxe8 25. Re1 Re6 26. Re2 Qd5 27. b3 c5 28. Re4 Rxe4 29. fxe4 Qxe4 30. dxc5 Qf5 31. Qd8+ Kg7 32. Qd4+ Kg6 33. b4 Qc2+ 34. Kf3 f5 35. b5 Qb1 36. Qc4 Qd1+ 37. Kf2 Qd2+ 38. Kg1 Qe1+ 1/2-1/2

[Event "71st MNE-ch 2019"]
[Site "Podgorica"]
[Date "2019.05.20"]
[Round "3.13"]
[White "Abramovic, Dragoljub"]
[Black "Djurovic, Peko"]
[Result "1/2-1/2"]
[ECO "A00"]
[WhiteElo "2063"]
[BlackElo "1898"]
[Annotator "NA RC"]
[PlyCount "142"]
[EventDate "2019.05.18"]
[EventType "swiss"]
[EventRounds "9"]
[EventCountry "MNE"]
[SourceTitle "playchess.com"]
[Source "ChessBase"]
[SourceQuality "1"]
[TimeControl "40/5400+30:1800+30"]

1. Nf3 d5 2. b3 Nf6 3. Bb2 Bf5 4. Nh4 Bg6 5. g3 Nbd7 6. Bg2 e6 7. O-O Be7 8. f4 Be4 9. d3 Bxg2 10. Nxg2 h5 11. Nd2 h4 12. e3 hxg3 13. hxg3 c6 14. g4 Qb6 15. Bd4 Bc5 16. c3 O-O-O 17. g5 Nh5 18. Qg4 Bxd4 19. exd4 g6 20. a4 Ng7 21. a5 Qb5 22. Qe2 Nf5 23. Rf3 Rh7 24. b4 Rdh8 25. Nf1 Kd8 26. Ra2 Ke7 27. Ra1 c5 28. bxc5 Rh1+ 29. Kf2 Nxc5 30. dxc5 Qxc5+ 31. d4 Nxd4 32. Qe3 Nb3 33. Qxc5+ Nxc5 34. Rb1 Kd7 35. Ke2 Kc6 36. Nge3 Ne4 37. Ng4 b6 38. Ne5+ Kc5 39. Nd3+ Kc6 40. Ne5+ Kc5 41. axb6 axb6 42. Nd7+ Kc6 43. Ne5+ Kc5 44. Nd3+ Kc6 45. Nf2 Nxf2 46. Kxf2 Ra8 47. Kg2 Rhh8 48. Ne3 Rh4 49. Kg3 Rah8 50. Rg1 Kc5 51. Kf2 Rh3 52. Rxh3 Rxh3 53. Ra1 d4 54. cxd4+ Kxd4 55. Ra4+ Kc5 56. Ra7 Rh7 57. Kf3 b5 58. Ke4 f5+ 59. gxf6 Rxa7 60. Ke5 b4 61. Kxe6 b3 62. Nd1 Kd4 63. f7 Ra8 64. Kf6 Kd5 65. Kxg6 Ke6 66. f5+ Ke7 67. Kg7 Rb8 68. Nb2 Rc8 69. Nd3 Kd6 70. f8=Q+ Rxf8 71. Kxf8 b2 1/2-1/2

[Event "71st MNE-ch 2019"]
[Site "Podgorica"]
[Date "2019.05.20"]
[Round "3.14"]
[White "Miletic, Vuk"]
[Black "Pobor, Milo"]
[Result "1/2-1/2"]
[ECO "A00"]
[WhiteElo "1954"]
[BlackElo "1960"]
[Annotator "NA RC"]
[PlyCount "131"]
[EventDate "2019.05.18"]
[EventType "swiss"]
[EventRounds "9"]
[EventCountry "MNE"]
[SourceTitle "playchess.com"]
[Source "ChessBase"]
[SourceQuality "1"]
[TimeControl "40/5400+30:1800+30"]

1. d4 c5 2. d5 Nf6 3. Nc3 g6 4. e4 d6 5. Bb5+ Bd7 6. a4 Bg7 7. Nf3 O-O 8. O-O a6 9. Be2 Bg4 10. Nd2 Bxe2 11. Qxe2 Nbd7 12. Nc4 Nb6 13. Nxb6 Qxb6 14. a5 Qc7 15. Nb1 Nd7 16. Nd2 Rfe8 17. Nc4 b6 18. axb6 Nxb6 19. Nxb6 Qxb6 20. Qc4 Qb4 21. Ra4 Qxc4 22. Rxc4 Reb8 23. c3 Kf8 24. Re1 e6 25. dxe6 fxe6 26. Rd1 Rb6 27. Kf1 a5 28. Ra4 Ke7 29. Ke2 Kd7 30. Kd3 d5 31. Kc2 d4 32. e5 Bxe5 33. Be3 Rab8 34. b4 axb4 35. cxd4 cxd4 36. Bxd4 Rd6 37. Ra7+ Ke8 38. Bxe5 Rc8+ 39. Kb3 Rxd1 40. Kxb4 Rd2 41. f3 Rd7 42. Ra6 Kf7 43. Rb6 g5 44. g4 Rc1 45. Ka3 Rc5 46. Bb2 Rcc7 47. Be5 Ra7+ 48. Kb2 Rab7 49. Rxb7 Rxb7+ 50. Kc3 Rd7 51. Bd4 Kg6 52. Bf2 Rf7 53. Bg3 Rxf3+ 54. Kd4 Rxg3 55. hxg3 Kf6 56. Ke4 e5 57. Kd5 h6 58. Kc4 Ke6 59. Kc5 Ke7 60. Kd5 Kf6 61. Kc4 Kg6 62. Kd5 h5 63. Kxe5 hxg4 64. Ke6 Kh6 65. Kf6 Kh5 66. Kg7 1/2-1/2

[Event "71st MNE-ch 2019"]
[Site "Podgorica"]
[Date "2019.05.20"]
[Round "3.15"]
[White "Koljevic, Nikolina"]
[Black "Rakic, Tijana"]
[Result "1-0"]
[ECO "A00"]
[WhiteElo "1964"]
[BlackElo "1579"]
[Annotator "NA RC"]
[PlyCount "81"]
[EventDate "2019.05.18"]
[EventType "swiss"]
[EventRounds "9"]
[EventCountry "MNE"]
[SourceTitle "playchess.com"]
[Source "ChessBase"]
[SourceQuality "1"]
[TimeControl "40/5400+30:1800+30"]

1. e4 e5 2. Nf3 Nf6 3. Nxe5 d6 4. Nf3 Nxe4 5. Nc3 Nxc3 6. dxc3 Be7 7. Be3 Nc6 8. Qd2 Be6 9. O-O-O a5 10. a3 O-O 11. h4 Ne5 12. Be2 Ng4 13. Nd4 Nxe3 14. Qxe3 Bd7 15. Bd3 Re8 16. Qg3 Bf6 17. Kb1 c6 18. Nf3 Qb6 19. Kc1 Qc5 20. Ng5 Bf5 21. Bxf5 Qxf5 22. Qd3 Bxg5+ 23. hxg5 Qxg5+ 24. Kb1 h6 25. Qf3 d5 26. Rd4 Qe5 27. Rg4 Re6 28. Rf4 Qc7 29. Rd1 Rae8 30. Rfd4 Rf6 31. Qd3 Rxf2 32. c4 Ree2 33. Rc1 Rxg2 34. cxd5 cxd5 35. Rxd5 Re8 36. Rf1 Rc8 37. Rc1 Rg6 38. Rd7 Qb6 39. Rxf7 Rxc2 40. Rxc2 Rg1+ 41. Rf1 1-0

[Event "71st MNE-ch 2019"]
[Site "Podgorica"]
[Date "2019.05.20"]
[Round "3.16"]
[White "Popovic, Mateja"]
[Black "Sabotic, Denis"]
[Result "1-0"]
[ECO "A00"]
[WhiteElo "1436"]
[BlackElo "1682"]
[Annotator "NA RC"]
[PlyCount "81"]
[EventDate "2019.05.18"]
[EventType "swiss"]
[EventRounds "9"]
[EventCountry "MNE"]
[SourceTitle "playchess.com"]
[Source "ChessBase"]
[SourceQuality "1"]
[TimeControl "40/5400+30:1800+30"]

1. d4 Nf6 2. Nf3 d5 3. c4 Nc6 4. cxd5 Qxd5 5. Nc3 Qa5 6. Bd2 Qb6 7. Na4 Qb5 8. e4 Qh5 9. Nc3 Nxd4 10. Nxd4 Qg6 11. Bb5+ Bd7 12. Bxd7+ Nxd7 13. O-O e6 14. Ndb5 O-O-O 15. Qc2 a6 16. Nd4 Ne5 17. Bf4 Bd6 18. Bxe5 Bxe5 19. Nf3 Bd6 20. Rac1 c6 21. e5 Bc7 22. Qxg6 hxg6 23. Rfd1 f6 24. exf6 gxf6 25. Ne4 g5 26. Nxf6 Rdf8 27. Ng4 Rf5 28. Nd4 Rf4 29. h3 e5 30. Ne6 Ra4 31. Nxc7 Kxc7 32. a3 e4 33. Nf6 b5 34. Rd7+ Kb6 35. Rg7 Rd8 36. Nd7+ Rxd7 37. Rxd7 b4 38. Rc4 Kb5 39. Rxb4+ Rxb4 40. axb4 Kxb4 41. Rb7+ 1-0

[Event "71st MNE-ch 2019"]
[Site "Podgorica"]
[Date "2019.05.21"]
[Round "4.6"]
[White "Kisic, Bozidar"]
[Black "Kontic, Djordjije"]
[Result "1/2-1/2"]
[ECO "A00"]
[WhiteElo "2200"]
[BlackElo "2264"]
[Annotator "RC"]
[PlyCount "29"]
[EventDate "2019.05.18"]
[EventType "swiss"]
[EventRounds "9"]
[EventCountry "MNE"]
[SourceTitle "playchess.com"]
[Source "ChessBase"]
[SourceQuality "1"]
[TimeControl "40/5400+30:1800+30"]

1. d4 Nf6 2. c4 c5 3. d5 e5 4. Nc3 d6 5. e4 Be7 6. Bd3 Nbd7 7. Nge2 h6 8. O-O a6 9. a4 Rb8 10. b3 Nf8 11. a5 g5 12. Bd2 Ng6 13. Ng3 Nf4 14. Bc2 Bg4 15. f3 1/2-1/2

[Event "71st MNE-ch 2019"]
[Site "Podgorica"]
[Date "2019.05.21"]
[Round "4.7"]
[White "Musovic, Armin"]
[Black "Vujovic, Savo"]
[Result "1-0"]
[ECO "A00"]
[WhiteElo "2297"]
[BlackElo "1940"]
[Annotator "RC"]
[PlyCount "135"]
[EventDate "2019.05.18"]
[EventType "swiss"]
[EventRounds "9"]
[EventCountry "MNE"]
[SourceTitle "playchess.com"]
[Source "ChessBase"]
[SourceQuality "1"]
[TimeControl "40/5400+30:1800+30"]

1. e4 c5 2. c3 Nf6 3. e5 Nd5 4. d4 cxd4 5. Nf3 Nc6 6. Bc4 Nb6 7. Bb3 d5 8. exd6 Qxd6 9. cxd4 Be6 10. O-O Bxb3 11. Qxb3 e6 12. Nc3 Be7 13. Rd1 Nb4 14. a3 N4d5 15. Ne4 Qc7 16. Qb5+ Qd7 17. Qe2 O-O 18. Ne5 Qd8 19. Rd3 Nf6 20. Bg5 Nxe4 21. Bxe7 Qxe7 22. Qxe4 Nd5 23. Re1 Rac8 24. Rg3 Qf6 25. Rf3 Qh6 26. Rh3 Nf6 27. Qb1 Qd2 28. Ng4 Rfd8 29. Nxf6+ gxf6 30. Qxh7+ Kf8 31. Rf1 Qxd4 32. Rg3 Ke7 33. Rg7 Rf8 34. h4 Rc5 35. Re1 Qd2 36. Qe4 Rc6 37. Re2 Qc1+ 38. Kh2 Qc4 39. Rg4 Rfc8 40. Qf3 Qc5 41. Rf4 Rh8 42. g3 Rh6 43. b4 Qh5 44. Rxf6 Qxf3 45. Rxf3 Rh5 46. Ree3 a5 47. bxa5 Rxa5 48. Rb3 b6 49. Rf4 Rc7 50. g4 Rca7 51. Rbf3 Ke8 52. Kg2 Kf8 53. Rb3 Rxa3 54. Rxb6 R3a4 55. Kg3 Rxf4 56. Kxf4 Kg7 57. Rb8 Ra4+ 58. Kg3 Ra3+ 59. f3 Rc3 60. Re8 Rb3 61. g5 Rb4 62. h5 Rb7 63. Kg4 Rb4+ 64. f4 Ra4 65. h6+ Kh7 66. Rf8 Ra7 67. Kh5 Rc7 68. Rxf7+ 1-0

[Event "71st MNE-ch 2019"]
[Site "Podgorica"]
[Date "2019.05.21"]
[Round "4.8"]
[White "Tomic, Aleksandar"]
[Black "Milovic, Jovan"]
[Result "1-0"]
[ECO "A00"]
[WhiteElo "2357"]
[BlackElo "2280"]
[Annotator "RC"]
[PlyCount "46"]
[EventDate "2019.05.18"]
[EventType "swiss"]
[EventRounds "9"]
[EventCountry "MNE"]
[SourceTitle "playchess.com"]
[Source "ChessBase"]
[SourceQuality "1"]
[TimeControl "40/5400+30:1800+30"]

1. d4 e5 2. dxe5 d6 3. Nf3 Nc6 4. e4 Bg4 5. Bb5 Qd7 6. h3 Bh5 7. Bf4 O-O-O 8. O-O h6 9. Nc3 g5 10. Bg3 Qe8 11. Bxc6 bxc6 12. exd6 Bxd6 13. Bxd6 Rxd6 14. Qe2 g4 15. Nh4 f5 16. Nxf5 gxh3 17. Nxd6+ cxd6 18. g4 Nf6 19. f3 Bf7 20. Rad1 Kc7 21. Qe3 Qb8 22. Qf4 Qb6+ 23. Kh1 Qxb2 1-0

[Event "71st MNE-ch 2019"]
[Site "Podgorica"]
[Date "2019.05.21"]
[Round "4.11"]
[White "Popadic, Dragan"]
[Black "Karisik, Nenad"]
[Result "1/2-1/2"]
[ECO "A00"]
[WhiteElo "2198"]
[BlackElo "2128"]
[Annotator "RC"]
[PlyCount "41"]
[EventDate "2019.05.18"]
[EventType "swiss"]
[EventRounds "9"]
[EventCountry "MNE"]
[SourceTitle "playchess.com"]
[Source "ChessBase"]
[SourceQuality "1"]
[TimeControl "40/5400+30:1800+30"]

1. e4 e5 2. Nf3 Nc6 3. Bb5 a6 4. Ba4 Nf6 5. O-O Be7 6. Re1 b5 7. Bb3 d6 8. c3 O-O 9. d3 Na5 10. Bc2 c5 11. Nbd2 Re8 12. Nf1 h6 13. Ng3 Bf8 14. h3 Bb7 15. d4 cxd4 16. cxd4 Qc7 17. d5 Bc8 18. Bd3 Bd7 19. Bd2 Rec8 20. Qe2 Nc4 21. Rec1 1/2-1/2

[Event "71st MNE-ch 2019"]
[Site "Podgorica"]
[Date "2019.05.21"]
[Round "4.12"]
[White "Petrovic, Slavko"]
[Black "Abramovic, Dragoljub"]
[Result "0-1"]
[ECO "A00"]
[WhiteElo "1945"]
[BlackElo "2063"]
[Annotator "NA RC"]
[PlyCount "100"]
[EventDate "2019.05.18"]
[EventType "swiss"]
[EventRounds "9"]
[EventCountry "MNE"]
[SourceTitle "playchess.com"]
[Source "ChessBase"]
[SourceQuality "1"]
[TimeControl "40/5400+30:1800+30"]

1. e4 Nc6 2. Nf3 d6 3. Bb5 Nf6 4. Qe2 Bg4 5. c3 a6 6. Ba4 b5 7. Bb3 e6 8. d4 Be7 9. h3 Bh5 10. Bg5 h6 11. Bxf6 Bxf6 12. Nbd2 O-O 13. g4 Bg6 14. h4 Na5 15. Bd1 Nc4 16. Nxc4 bxc4 17. Qe3 d5 18. e5 Be7 19. g5 h5 20. Ng1 Rb8 21. b4 cxb3 22. axb3 a5 23. Nh3 Be4 24. f3 Bf5 25. Nf4 g6 26. Rh2 c5 27. Rha2 Qb6 28. Ne2 Rfc8 29. Rxa5 cxd4 30. Nxd4 Rxc3 31. Qf4 Bb4 32. Rb5 Qxb5 33. Nxb5 Rc4+ 34. Qd2 Rxh4 35. Qxb4 Rxb4 36. Nd6 h4 37. Kf2 Rd4 38. Ke3 Rd3+ 39. Ke2 Rc3 40. Kd2 d4 41. Ra4 Rd3+ 42. Ke2 h3 43. Bc2 h2 44. Ra1 Re3+ 45. Kd2 Bxc2 46. Kxc2 Rxf3 47. Rh1 Rf2+ 48. Kd3 Rxb3+ 49. Kc4 Rg3 50. Ne4 Rc2+ 0-1

[Event "71st MNE-ch 2019"]
[Site "Podgorica"]
[Date "2019.05.21"]
[Round "4.13"]
[White "Djurovic, Peko"]
[Black "Koljevic, Nikolina"]
[Result "1-0"]
[ECO "A00"]
[WhiteElo "1898"]
[BlackElo "1964"]
[Annotator "NA RC"]
[PlyCount "67"]
[EventDate "2019.05.18"]
[EventType "swiss"]
[EventRounds "9"]
[EventCountry "MNE"]
[SourceTitle "playchess.com"]
[Source "ChessBase"]
[SourceQuality "1"]
[TimeControl "40/5400+30:1800+30"]

1. e4 c5 2. Nf3 Nc6 3. d4 cxd4 4. Nxd4 Nf6 5. Nc3 e6 6. Nxc6 bxc6 7. e5 Nd5 8. Ne4 Qc7 9. f4 Qb6 10. c4 Bb4+ 11. Ke2 Ba6 12. Kf3 f5 13. exf6 Nxf6 14. c5 Qa5 15. Nxf6+ gxf6 16. Bxa6 Qxa6 17. Be3 Ba5 18. Qa4 Rb8 19. Qd4 O-O 20. Qxd7 Rxb2 21. Qxe6+ Kh8 22. Bd4 Qd3+ 23. Qe3 Rd2 24. Qxd3 Rxd3+ 25. Ke4 Rd2 26. Rad1 Rxg2 27. Kf5 Kg7 28. Rhg1 Rg6 29. Rb1 Rxg1 30. Rxg1+ Kf7 31. Rb1 Bd2 32. Rb7+ Ke8 33. Ke6 Bxf4 34. Rxa7 1-0

[Event "71st MNE-ch 2019"]
[Site "Podgorica"]
[Date "2019.05.21"]
[Round "4.14"]
[White "Pobor, Milo"]
[Black "Bacic, Kristina"]
[Result "1-0"]
[ECO "A00"]
[WhiteElo "1960"]
[BlackElo "1819"]
[Annotator "NA RC"]
[PlyCount "57"]
[EventDate "2019.05.18"]
[EventType "swiss"]
[EventRounds "9"]
[EventCountry "MNE"]
[SourceTitle "playchess.com"]
[Source "ChessBase"]
[SourceQuality "1"]
[TimeControl "40/5400+30:1800+30"]

1. e4 d5 2. exd5 Qxd5 3. Nc3 Qd8 4. d4 Nf6 5. Nf3 c6 6. Be3 Bg4 7. h3 Bh5 8. g4 Bg6 9. Ne5 Nd5 10. Qf3 Nxc3 11. bxc3 Nd7 12. Nxg6 hxg6 13. Bc4 e6 14. Bb3 Nf6 15. O-O Nd5 16. c4 Nxe3 17. fxe3 Qf6 18. Qg2 Qh4 19. Rf3 Be7 20. Raf1 Bg5 21. d5 O-O-O 22. dxc6 bxc6 23. Rg3 Rd6 24. c5 Rd2 25. Qxc6+ Kb8 26. Qb5+ Ka8 27. Bd5+ Rxd5 28. Qc6+ Kb8 29. Rb1# 1-0

[Event "71st MNE-ch 2019"]
[Site "Podgorica"]
[Date "2019.05.21"]
[Round "4.16"]
[White "Rakic, Tijana"]
[Black "Popovic, Mateja"]
[Result "1/2-1/2"]
[ECO "A00"]
[WhiteElo "1579"]
[BlackElo "1436"]
[Annotator "NA RC"]
[PlyCount "52"]
[EventDate "2019.05.18"]
[EventType "swiss"]
[EventRounds "9"]
[EventCountry "MNE"]
[SourceTitle "playchess.com"]
[Source "ChessBase"]
[SourceQuality "1"]
[TimeControl "40/5400+30:1800+30"]

1. e4 e5 2. d4 exd4 3. Nf3 Nc6 4. Nxd4 d6 5. Nc3 Nf6 6. Be3 g6 7. Bc4 Na5 8. Bb3 a6 9. O-O c5 10. Ba4+ b5 11. Bxb5+ axb5 12. Ndxb5 Ba6 13. f3 Nc4 14. Bc1 Be7 15. b3 Ne5 16. Bb2 O-O 17. Re1 Qb6 18. a4 Rfd8 19. Nd5 Nxd5 20. exd5 Bxb5 21. axb5 Rxa1 22. Bxa1 Qxb5 23. f4 Qb7 24. fxe5 dxe5 25. c4 f6 26. Re3 Ra8 1/2-1/2

[Event "71st MNE-ch 2019"]
[Site "Podgorica"]
[Date "2019.05.22"]
[Round "5"]
[White "Vujacic, Igor"]
[Black "Tomic, Aleksandar"]
[Result "0-1"]
[ECO "B43"]
[WhiteElo "2205"]
[BlackElo "2357"]
[Annotator "RC"]
[PlyCount "72"]
[EventDate "2019.05.18"]
[EventType "swiss"]
[EventCountry "MNE"]
[SourceTitle "playchess.com"]
[Source "ChessBase"]
[SourceQuality "1"]
[TimeControl "40/5400+30:1800+30"]

1. e4 c5 2. Nf3 e6 3. d4 cxd4 4. Nxd4 a6 5. Nc3 Qc7 6. Bd3 Nf6 7. f4 d6 8. Qf3 h5 9. a4 b6 10. Be3 Bb7 11. h3 Nbd7 12. O-O g6 13. Rae1 Bg7 14. Qg3 h4 15. Qf2 Nc5 16. f5 gxf5 17. exf5 e5 18. Bg5 O-O-O 19. Nb3 Rdg8 20. Nxc5 bxc5 21. Ne4 Nxe4 22. Bxe4 d5 23. f6 Bf8 24. Bf5+ Kb8 25. Bxh4 c4 26. Bg3 Bd6 27. Bg4 Ka8 28. Qf5 Bc5+ 29. Bf2 e4 30. c3 Bd6 31. Be3 Rh4 32. Bf4 Bc5+ 33. Be3 Bd6 34. Bf4 Qb6+ 35. Be3 Qc6 36. Qd7 Rhxg4 0-1

[Event "71st MNE-ch 2019"]
[Site "Podgorica"]
[Date "2019.05.22"]
[Round "5"]
[White "Abramovic, Dragoljub"]
[Black "Pobor, Milo"]
[Result "0-1"]
[ECO "D02"]
[WhiteElo "2063"]
[BlackElo "1960"]
[Annotator "NA RC"]
[PlyCount "58"]
[EventDate "2019.05.18"]
[EventType "swiss"]
[EventCountry "MNE"]
[SourceTitle "playchess.com"]
[Source "ChessBase"]
[SourceQuality "1"]
[TimeControl "40/5400+30:1800+30"]

1. d4 d5 2. Nf3 Nf6 3. Bf4 c5 4. e3 Nc6 5. c3 Qb6 6. Qc1 Bf5 7. Nbd2 e6 8. Be2 c4 9. O-O Qa5 10. Ne5 Nxe5 11. Bxe5 Nd7 12. g4 Bg6 13. Bg3 b5 14. b3 Ba3 15. Qe1 Bb2 16. f4 Bc2 17. b4 Qa3 18. Nb1 Qa4 19. Nd2 Bxc3 20. a3 a5 21. e4 axb4 22. exd5 Bxa1 23. dxe6 Bxd4+ 24. Kg2 O-O 25. exd7 bxa3 26. Nf3 Be4 27. Bd1 Bxf3+ 28. Bxf3 a2 29. Bxa8 Qxa8+ 0-1